Map: Interloper LE

Players

JotaCe

  • Race: Protoss Protoss
  • League: Platinum
  • Spawn Location: 5:00

Juxtapose - Winner!

  • Race: Zerg Zerg
  • League: Gold
  • Spawn Location: 11:00

VOD

https://youtu.be/mGL9O77N-sg

Description

Since I play Random, I never get to choose my Race, and I don't believe I've played as Zerg in weeks. Well, I get Zerg this game and I play so poorly!

My scouting is poor (I never see my opponent's main base), I don't trade effectively in many situations, took far too long to Morph Ravagers, I mutate a Lurker Den and don't make a single Lurker to help in those choke points, against the Colossi, etc.

I did macro alright, and did a reasonable job with Creep spread though. I also set a new APM record this match with 100 APM.

Overall though, not my best game, which is why I was surprised by the outcome.

Time

  • Played on: Sept. 10, 2017, 2:47 p.m.
  • Length: 20:06
Show
View Real Time Build Order
Export as new Build Order

JotaCe Protoss 

Build Orders:  

Get SALT Encoding   

  12  0:01  Probe (Chrono Boost)  
  13  0:12  Probe (Chrono Boost)  
  14  0:18  Pylon  
  14  0:23  Probe (Chrono Boost)  
  15  0:41  Probe (Chrono Boost)  
  16  0:43  Gateway  
  16  0:48  Assimilator  
  16  0:57  Probe (Chrono Boost)  
  17  1:10  Probe (Chrono Boost)  
  18  1:19  Gateway  
  18  1:21  Pylon  
  18  1:26  Pylon  
  18  1:30  Probe (Chrono Boost)  
  18  1:43  Cybernetics Core  
  18  1:46  Probe (Chrono Boost)  
  19  1:57  Probe (Chrono Boost)  
  20  2:09  Zealot (Chrono Boost)  
  20  2:12  Zealot (Chrono Boost)  
  24  2:22  Mothership Core  
  26  2:40  Nexus  
  28  2:48  Stalker (Chrono Boost)  
  28  3:00  Pylon  
  28  3:06  Stalker (Chrono Boost)  
  28  3:09  Probe  
  31  3:18  Pylon  
  31  3:25  Pylon  
  31  3:26  Assimilator  
  31  3:30  Stalker (Chrono Boost)  
  31  3:31  Warp Gate (Chrono Boost)  
  33  3:41  Forge  
  33  3:47  Adept  
  35  3:52  Probe  
  36  4:11  Adept  
  38  4:17  Probe, Photon Cannon  
  38  4:18  Probe  
  40  4:25  Adept  
  40  4:29  Probe  
  43  4:34  Protoss Ground Weapons Level 1 (Chrono Boost)  
  43  4:36  Probe  
  44  4:50  Probe  
  44  4:51  Probe  
  46  5:08  Probe  
  46  5:09  Probe, Adept x2  
  52  5:31  Probe  
  52  5:33  Probe  
  54  5:40  Robotics Facility  
  54  5:42  Probe, Pylon  
  54  5:45  Probe  
  56  5:52  Probe  
  56  5:57  Gateway, Probe  
  57  5:59  Gateway  
  57  6:03  Probe  
  58  6:09  Probe  
  48  6:37  Adept  
  44  6:45  Adept  
  46  6:51  Probe  
  46  6:52  Probe, Immortal  
  52  6:59  Assimilator  
  52  7:03  Assimilator  
  52  7:04  Adept  
  52  7:20  Adept  
  52  7:21  Adept  
  56  7:25  Protoss Ground Armor Level 1 (Chrono Boost)  
  56  7:28  Twilight Council  
  56  7:29  Probe  
  56  7:30  Probe  
  56  7:36  Stalker  
  60  7:37  Stalker  
  60  7:42  Adept x2  
  66  8:01  Probe  
  66  8:02  Probe  
  66  8:04  Nexus  
  66  8:05  Stalker  
  70  8:06  Adept  
  70  8:07  Adept, Pylon  
  70  8:08  Adept  
  76  8:18  Resonating Glaives (Chrono Boost)  
  76  8:25  Immortal (Chrono Boost)  
  80  8:27  Pylon  
  80  8:30  Gateway  
  80  8:31  Pylon  
  80  8:34  Adept x2  
  80  8:35  Adept  
  86  8:46  Pylon  
  86  8:49  Pylon  
  86  8:54  Stargate  
  86  8:56  Stargate  
  86  8:59  Photon Cannon  
  86  9:08  Adept x2  
  86  9:09  Adept  
  92  9:10  Adept  
  92  9:12  Observer (Chrono Boost)  
  92  9:13  Photon Cannon  
  91  9:40  Phoenix x2  
  95  9:50  Pylon  
  95  9:52  Probe  
  95  9:53  Pylon  
  95  9:54  Probe x2  
  96  10:03  Probe  
  89  10:11  Stalker x2  
  89  10:12  Stalker x2  
  85  10:28  Mothership Core  
  58  10:38  Zealot  
  58  10:39  Zealot x2  
  58  10:40  Zealot  
  58  10:41  Probe  
  66  10:43  Probe  
  66  11:03  Pylon  
  66  11:06  Immortal (Chrono Boost)  
  66  11:08  Adept x3  
  66  11:09  Probe x2, Adept  
  66  11:10  Probe  
  81  11:19  Gateway  
  81  11:21  Pylon  
  81  11:22  Gateway, Charge (Chrono Boost)  
  81  11:26  Probe x2  
  81  11:27  Probe, Assimilator  
  81  11:32  Zealot x4  
  92  11:36  Void Ray (Chrono Boost)  
  92  11:37  Void Ray (Chrono Boost)  
  100  11:41  Protoss Ground Weapons Level 2 (Chrono Boost)  
  100  11:49  Photon Cannon  
  100  11:52  Probe x3  
  103  11:59  Assimilator  
  103  12:08  Gateway  
  103  12:13  Stalker  
  103  12:14  Stalker x2  
  103  12:15  Stalker  
  111  12:17  Stalker  
  111  12:20  Immortal  
  117  12:27  Void Ray x2 (Chrono Boost)  
  125  12:32  Zealot  
  125  12:33  Stalker  
  129  12:38  Stalker x2  
  129  12:39  Adept  
  129  12:40  Adept x2  
  139  12:45  Pylon  
  139  12:56  Nexus  
  139  13:07  Pylon  
  139  13:08  Void Ray x2  
  139  13:09  Probe x3  
  150  13:25  Robotics Bay  
  106  13:51  Stalker  
  106  13:52  Stalker x4  
  106  13:54  Stalker  
  114  14:06  Nexus  
  114  14:08  Stalker  
  116  14:17  Protoss Ground Armor Level 2 (Chrono Boost)  
  116  14:25  Colossus (Chrono Boost)  
  116  14:30  Zealot x3  
  128  14:31  Adept x2  
  128  14:32  Adept  
  128  14:36  Photon Cannon  
  134  14:43  Pylon  
  134  14:49  Probe x3  
  137  15:00  Extended Thermal Lance (Chrono Boost)  
  137  15:04  Robotics Facility  
  137  15:06  Probe  
  137  15:07  Probe x2  
  140  15:10  Zealot x2  
  144  15:20  Colossus (Chrono Boost)  
  150  15:28  Assimilator  
  150  15:38  Blink (Chrono Boost)  
  150  15:55  Phoenix (Chrono Boost)  
  150  15:56  Phoenix (Chrono Boost)  
  154  15:57  Colossus (Chrono Boost)  
  160  16:16  Colossus (Chrono Boost)  
  166  16:26  Zealot  
  166  16:27  Zealot x4  
  166  16:28  Zealot  
  166  16:29  Zealot  
  176  16:41  Gateway  
  176  16:43  Pylon  
  133  17:10  Gateway  
  133  17:12  Gateway  
  133  17:15  Observer (Chrono Boost)  
  133  17:16  Gateway, Colossus (Chrono Boost)  
  133  17:20  Zealot x2  
  133  17:21  Zealot x3  
  133  17:22  Probe  
  150  17:25  Zealot x2  
  150  17:26  Zealot  
  150  17:28  Probe x2  
  158  17:34  Probe  
  159  17:37  Assimilator  
  159  17:45  Photon Cannon  
  159  17:51  Pylon  
  159  17:54  Nexus  
  159  17:55  Protoss Air Weapons Level 1 (Chrono Boost)  
  159  17:59  Fleet Beacon  
  159  18:02  Colossus  
  159  18:03  Colossus  
  171  18:24  Stalker  
  171  18:25  Stalker x2  
  171  18:26  Zealot x4  
  80  19:24  Zealot  
  80  19:25  Zealot x2  
  80  19:26  Zealot x3  
Show
View Real Time Build Order
Export as new Build Order

Juxtapose Zerg - Winner!

Build Orders: Pool First 

Get SALT Encoding   

  12  0:12  Drone  
  12  0:13  Overlord  
  13  0:17  Drone  
  14  0:40  Spawning Pool, Drone  
  14  0:43  Drone  
  15  0:50  Drone  
  16  0:59  Drone  
  16  1:04  Extractor  
  16  1:19  Overlord  
  16  1:28  Queen  
  16  1:29  Zergling x4  
  20  1:43  Zergling x2  
  21  1:53  Drone  
  22  2:08  Hatchery  
  21  2:19  Drone  
  21  2:20  Queen  
  21  2:22  Drone x2  
  26  2:32  Metabolic Boost  
  26  2:33  Extractor  
  25  2:38  Drone  
  25  2:41  Zergling x2  
  27  2:47  Overlord  
  27  3:28  Drone x3  
  27  3:30  Drone  
  31  3:37  Queen  
  31  3:39  Drone  
  31  3:41  Lair  
  34  3:46  Roach Warren  
  34  3:48  Zergling x4  
  35  3:59  Drone x2  
  37  4:18  Drone x5  
  37  4:21  Spore Crawler  
  41  4:24  Spore Crawler, Drone x2  
  41  4:29  Roach  
  43  4:52  Overlord x3  
  43  5:09  Glial Reconstitution  
  43  5:10  Queen  
  45  5:14  Zergling x4  
  45  5:15  Evolution Chamber, Zergling x10  
  49  5:35  Roach x6  
  60  5:47  Hydralisk Den  
  60  5:48  Zerg Missile Weapons Level 1  
  59  5:59  Drone x2  
  59  6:01  Drone  
  59  6:02  Drone x2  
  63  6:23  Roach x2  
  63  6:24  Overlord x2  
  67  6:29  Queen  
  67  6:38  Roach  
  68  6:40  Overlord  
  68  6:41  Overlord  
  68  6:44  Extractor  
  68  6:46  Extractor  
  68  6:47  Roach x4  
  74  6:59  Overseer  
  67  7:17  Hydralisk x2  
  67  7:18  Hydralisk x4  
  79  7:36  Overseer x2  
  79  7:37  Hatchery  
  78  8:03  Hydralisk x6  
  78  8:05  Roach  
  92  8:10  Drone x3  
  95  8:27  Drone  
  95  8:28  Drone x4  
  95  8:29  Overlord  
  100  8:55  Queen, Drone  
  101  9:02  Drone x3  
  106  9:03  Hydralisk x3, Drone x2  
  106  9:09  Muscular Augments  
  101  9:24  Zergling x12  
  101  9:25  Zergling x4  
  108  9:39  Overlord x3  
  99  10:14  Hydralisk x6  
  95  10:15  Hydralisk x3  
  108  10:23  Zergling x4  
  108  10:24  Zergling x6  
  85  10:44  Zergling x2  
  85  10:45  Zergling x14  
  85  10:46  Zergling x6  
  90  11:00  Drone  
  89  11:18  Drone x4  
  93  11:29  Zerg Ground Armor Level 1  
  93  11:30  Lurker Den  
  93  11:34  Infestation Pit  
  93  11:36  Burrow  
  93  11:38  Pneumatized Carapace  
  92  11:40  Overseer x2  
  92  11:50  Roach x6  
  92  11:51  Zergling x14, Roach  
  92  11:52  Zergling x2  
  92  11:53  Overlord  
  114  11:55  Overlord  
  114  12:17  Ravager  
  114  12:18  Ravager  
  114  12:19  Ravager  
  117  12:32  Pathogen Glands  
  117  12:39  Infestor x3  
  123  12:44  Zergling x8  
  123  12:45  Zergling x6  
  123  12:46  Overlord  
  123  12:47  Overlord x6  
  130  12:53  Extractor  
  130  12:55  Extractor  
  128  13:16  Hatchery  
  128  13:17  Overlord x3  
  127  13:23  Zerg Missile Weapons Level 2  
  117  13:32  Hydralisk x7  
  75  14:06  Hive  
  75  14:09  Hydralisk x4  
  75  14:10  Hydralisk x2  
  87  14:21  Overseer  
  87  14:22  Overseer x3  
  87  14:45  Drone x4  
  90  14:46  Drone  
  92  14:58  Drone x2  
  92  14:59  Drone x3  
  97  15:00  Zergling x12  
  97  15:01  Zergling x2, Roach  
  97  15:02  Roach x6  
  97  15:05  Hydralisk  
  120  15:09  Hydralisk  
  122  15:38  Zerg Ground Armor Level 2  
  122  15:42  Extractor  
  122  15:45  Extractor  
  120  16:01  Ultralisk Cavern  
  119  16:10  Zergling x10  
  124  16:17  Hydralisk x6  
  124  16:18  Hydralisk  
  138  16:19  Roach x6  
  138  16:20  Zergling x12, Roach x2  
  138  16:21  Zergling x6  
  124  16:56  Ultralisk x4  
  124  16:57  Zergling x6  
  125  17:18  Adrenal Glands  
  125  17:39  Chitinous Plating  
  125  17:44  Hydralisk x2  
  125  17:45  Hydralisk x5  
  125  17:46  Zergling x10  
  125  17:47  Hydralisk, Zergling x10  
  125  17:49  Zergling x2  
  125  17:50  Zergling x2  
  153  17:54  Zerg Melee Weapons Level 1  
  153  18:05  Hydralisk x3  
  153  18:06  Hydralisk  
  153  18:08  Zergling x4  
  163  18:29  Neural Parasite  
  163  18:38  Hydralisk x2  
  163  18:40  Infestor, Zergling x2  
  163  18:41  Overlord x6  
  154  18:59  Ultralisk x2  
  145  19:15  Zergling x10  
  145  19:16  Zergling x10  
  128  19:34  Hydralisk x5  
Tags
 
Add a new tag
Caveats
  • Supply blocks, unpowered buildings, or Contaminate may cause inaccurate times.
  • Supply counts are checked every 10 seconds.